 Dungeon Crawl Stone Soup version 0.22-a0-271-gc000056a37 (webtiles) character file.

284 RedPan the Sneak (level 6, -1/28 HPs)
             Began as a Spriggan Enchanter on Mar 10, 2018.
             Slain by an orc priest
             ... wielding a +0 club
              (3 damage)
             ... on level 2 of the Dungeon.
             The game lasted 00:05:09 (2622 turns).

RedPan the Sneak (Spriggan Enchanter)               Turns: 2622, Time: 00:05:10

Health: -1/28      AC:  2    Str:  4    XL:     6   Next: 7%
Magic:  1/11       EV: 18    Int: 18    God:
Gold:   120        SH:  0    Dex: 17    Spells: 4/10 levels left

rFire    . . .     SeeInvis +   a - +1 dagger
rCold    . . .     Gourm    .   (shield restricted)
rNeg     . . .     Faith    .   b - +0 robe
rPois    .         Spirit   .   (helmet restricted)
rElec    .         Reflect  .   (no cloak)
rCorr    .         Harm     .   (gloves unavailable)
MR       +....                  (boots unavailable)
Stlth    +++.......             (no amulet)
HPRegen  0.09/turn              (no ring)
MPRegen  0.12/turn              (no ring)

@: very slightly contaminated, very quick
A: very small, unfitting armour, see invisible, herbivore, speed 3, slow
metabolism 2
a: no special abilities


You were on level 2 of the Dungeon.
You were very hungry.

You visited 1 branch of the dungeon, and saw 3 of its levels.

You collected 120 gold pieces.

Inventory:

Hand Weapons
 a - a +1 dagger (weapon)
Armour
 b - a +0 robe (worn)
Scrolls
 c - a scroll of amnesia
 e - 2 scrolls of identify
 f - a scroll of immolation
Potions
 g - a potion of curing
 h - a potion of mutation
Comestibles
 d - 4 rations


   Skills:
 + Level 0.0 Fighting
 * Level 4.8 Short Blades
 + Level 3.0 Dodging
 + Level 6.4 Stealth
 - Level 2.6 Spellcasting
 - Level 5.1 Hexes


You had 4 spell levels left.
You knew the following spells:

 Your Spells              Type           Power        Failure   Level  Hunger
a - Corona                Hex            ###....      1%          1    #......
b - Ensorcelled Hibernat  Hex/Ice        ##....       9%          2    ##.....
c - Confuse               Hex            ###.....     6%          3    ###....


Dungeon Overview and Level Annotations

Branches:
Dungeon (3/15)

Altars:
Hepliaklqana
Okawaru
Trog
Xom


Innate Abilities, Weirdness & Mutations

You are very small and have problems with some larger weapons.
You are too small for most types of armour.
You have supernaturally acute eyesight. (SInv)
You are a herbivore.
You cover ground extremely quickly.
You need to consume almost no food.


Message History

The orc priest barely misses you. The orc hits you with a mace!
Casting: Ensorcelled Hibernation (safe; 9% risk of failure)
Confirm with . or Enter, or press ? or * to list all spells.
Aiming: Ensorcelled Hibernation (safe; 9% risk of failure)
Press: ? - help, Shift-Dir - straight line, f/p - orc priest
Aim: an orc priest, wielding a club (chance to defeat MR: 42%)
The orc priest resists with some effort.
The orc closely misses you. The orc priest hits you with a club.
* * * LOW HITPOINT WARNING * * *
The orc completely misses you.
Casting: Ensorcelled Hibernation (safe; 9% risk of failure)
Confirm with . or Enter, or press ? or * to list all spells.
Aiming: Ensorcelled Hibernation (safe; 9% risk of failure)
Press: ? - help, Shift-Dir - straight line, f/p - orc priest
Aim: an orc priest, wielding a club (chance to defeat MR: 42%)
The orc priest resists with some effort.
The orc hits you with a club.
* * * LOW HITPOINT WARNING * * *
The orc priest hits you with a club.
You die...

....# #######...# #.........
#'### #.........# #...##....
#.# #.#####...# #...##.... ..#
#.# #...# #...##.### ### #.#
##..# #...##.... # #.#
#..######...###### #
##.######.(..........#..(. #
#......##o############.... #
#......#o@o..# ###8###... #
#......#.....# #._._.#... #
#......'.....# ##...##... #
#.(....#.....## #⌠.⌠##... #
######......#......# ##'##.#..
###.....#.#...#......#
##.#<##..
'........_..###......#
#....##..
###.....#.#..........#
#.##....' #
#.....#..#######...####.##....'


You could see an orc priest and 2 orcs.

Vanquished Creatures
  Grinder (D:3)
  Terence (D:2)
  3 adders (D:2)
  3 dart slugs
  3 leopard geckos
  An orc (D:3)
  5 giant cockroaches
  3 hobgoblins (D:1)
  3 jackals (D:1)
  4 kobolds
  3 bats (D:1)
  4 frilled lizards (D:1)
  2 goblins
  2 rats (D:2)
38 creatures vanquished.

Notes
Turn   | Place    | Note
-------+----------+-------------------------------------------
     0 | D:1      | RedPan the Spriggan Enchanter began the quest for the Orb.
     0 | D:1      | Reached XP level 1. HP: 9/9 MP: 5/5
   181 | D:1      | Reached XP level 2. HP: 13/13 MP: 6/6
   188 | D:1      | Learned a level 2 spell: Ensorcelled Hibernation
   945 | D:1      | Reached XP level 3. HP: 14/16 MP: 8/8
  1022 | D:2      | Reached skill level 5 in Stealth
  1183 | D:2      | Found an ornate altar of the Wu Jian Council.
  1185 | D:2      | Found a shimmering altar of Xom.
  1185 | D:2      | Found a deep blue altar of Sif Muna.
  1187 | D:2      | Found a shimmering altar of Xom.
  1187 | D:2      | Found an ornate altar of the Wu Jian Council.
  1187 | D:2      | Found a shadowy altar of Dithmenos.
  1240 | D:2      | Found a hazy altar of Hepliaklqana.
  1327 | D:2      | Noticed Terence
  1333 | D:2      | Killed Terence
  1333 | D:2      | Reached XP level 4. HP: 21/21 MP: 9/9
  1697 | D:2      | Found an iron altar of Okawaru.
  1697 | D:2      | Found a bloodstained altar of Trog.
  1851 | D:3      | Noticed Grinder
  2034 | D:2      | Learned a level 3 spell: Confuse
  2153 | D:3      | Killed Grinder
  2153 | D:3      | Reached skill level 6 in Stealth
  2153 | D:3      | Reached skill level 5 in Hexes
  2153 | D:3      | Reached XP level 5. HP: 7/24 MP: 7/10
  2153 | D:3      | Reached XP level 6. HP: 8/28 MP: 7/11
  2622 | D:2      | Slain by an orc priest

Vault maps used:
D:1:      doesnt_arrival_eight_statues
D:2:      gammafunk_temple_overflow_statue, lemuel_crystal_altar,
          doesnt_xom_only_xom, uniq_terence
D:3:      lemuel_zombie_altar_yredelemnul, first_ration, kennysheep_boxes,
          uniq_grinder

Skill      XL: |  1  2  3  4 |
---------------+-------------+-----
Short Blades   | 2 3 4 |  4.8
Hexes          | 4 5 |  5.1
Stealth        | 5 6 |  6.4
Dodging        | |  3.0
Spellcasting   | |  2.6

Action                   |  1- 3 |  4- 6 || total
-------------------------+-------+-------++-------
Melee: Dagger            |   124 |   125 ||   249
 Cast: Ensorcelled Hiber |    12 |     6 ||    18
       Confuse           |       |     2 ||     2
  Use: Scroll            |       |     4 ||     4
 Stab: Sleeping          |    15 |     2 ||    17
       Confused          |       |     3 ||     3
Armor: Robe              |    15 |    10 ||    25
Dodge: Dodged            |    80 |    86 ||   166

Table legend:
 A = Spawn XP
 B = Non-spawn XP
 C = Spawn XP percentage of total XP
 D = Spawn monster count
 E = Non-spawn monster count
 F = Spawn count percentage of total count
 G = Total turns spent on level
                    A         B        C        D         E        F      G
               +---------+---------+-------+---------+---------+-------+---------
         Total |       0 |     407 |   0.0 |       0 |      38 |   0.0 |  2622
               +---------+---------+-------+---------+---------+-------+---------
           D:1 |       0 |      42 |   0.0 |       0 |      23 |   0.0 |   972
           D:2 |       0 |      89 |   0.0 |       0 |      10 |   0.0 |  1219
           D:3 |       0 |     276 |   0.0 |       0 |       5 |   0.0 |   431
               +---------+---------+-------+---------+---------+-------+---------
